 Dungeon Crawl Stone Soup version 0.30-a0-772-g5528072125 (webtiles) character file.

Game seed: 13643453561045835173

35881 Crownlay the Thaumaturge (level 13, -2/82 HPs)
             Began as a Gargoyle Earth Elementalist on Feb 13, 2023.
             Was a High Priest of Vehumet.
             Slain by a yak (10 damage)
             ... on level 5 of the Lair of Beasts.
             The game lasted 00:38:01 (18039 turns).

Crownlay the Thaumaturge (GrEE)                    Turns: 18039, Time: 00:38:01

Health: -2/82      AC: 19    Str: 11    XL:     13   Next: 86%
Magic:  10/30      EV: 17    Int: 20    God:    Vehumet [*****.]
Gold:   2117       SH:  5    Dex: 19    Spells: 34/38 levels left

rFire   . . .      SeeInvis +    l - +10 short sword "Rootyg" {elec, rElec rN+ Will- Dex+9}
rCold   . . .      Faith    .    (no shield)
rNeg    + + +      Spirit   .    F - +0 steam dragon scales
rPois   ∞          Reflect  +    U - +1 hat {Will+}
rElec   +          Harm     .    w - +0 cloak
rCorr   .          Rampage  .    Q - +0 pair of gloves
Will    +....                    K - +0 pair of boots
Stlth   ++                       b - amulet of reflection
HPRegen 0.33/turn                a - ring "Xuzefe" {rElec rN++ Will+ Str-2 SInv}
MPRegen 0.22/turn                C - +5 ring of evasion

@: studying Armour
A: sickness immunity, AC +9, negative energy resistance 1, electricity
resistance, torment resistance 1, petrification resistance
a: Renounce Religion


You were on level 5 of the Lair of Beasts.
You worshipped Vehumet.
Vehumet was extremely pleased with you.
You visited 3 branches of the dungeon, and saw 17 of its levels.

You collected 2351 gold pieces.
You spent 234 gold pieces at shops.

Inventory:

Hand Weapons
 l - the +10 short sword "Rootyg" (weapon) {elec, rElec rN+ Will- Dex+9}
   (You found it on level 2 of the Dungeon)

   Dex:       It affects your dexterity (+9).
   rElec:     It insulates you from electricity.
   rN:        It protects you from negative energy.
   Will:      It decreases your willpower.
Armour
 t - a +2 leather armour of poison resistance
 w - a +0 cloak (worn)
 F - +0 steam dragon scales (worn)
 K - a +0 pair of boots (worn)
 Q - a +0 pair of gloves (worn)
 U - a +1 hat of willpower (worn)
Jewellery
 a - the ring "Xuzefe" (left hand) {rElec rN++ Will+ Str-2 SInv}
   (You found it on level 6 of the Dungeon)

   [ring of see invisible]

   Str:       It affects your strength (-2).
   rElec:     It insulates you from electricity.
   rN:        It greatly protects you from negative energy.
   SInv:      It lets you see invisible.
   Will:      It increases your willpower.
 b - an amulet of reflection (around neck)
 d - an amulet of magic regeneration
 C - a +5 ring of evasion (right hand)
 D - a +6 ring of strength
 G - a +4 ring of protection
 W - a ring of resist corrosion
Wands
 n - a wand of iceblast (13)
 p - a wand of polymorph (6)
 s - a wand of flame (73)
 x - a wand of charming (11)
 O - a wand of light (4)
 P - a wand of digging (5)
Scrolls
 f - 4 scrolls of fear
 g - 2 scrolls of vulnerability
 i - 2 scrolls of amnesia
 j - 4 scrolls of poison
 m - 7 scrolls of teleportation
 o - 4 scrolls of magic mapping
 u - 3 scrolls of immolation
 v - 3 scrolls of fog
 y - a scroll of enchant armour
 A - 3 scrolls of enchant weapon
 E - 2 scrolls of brand weapon
 H - 2 scrolls of silence
 J - a scroll of torment
 L - a scroll of blinking
 S - a scroll of butterflies {unknown}
Potions
 c - 7 potions of heal wounds
 e - 3 potions of lignification
 h - 2 potions of brilliance
 k - 2 potions of resistance
 q - 5 potions of haste
 r - 3 potions of berserk rage
 z - 4 potions of might
 B - 5 potions of attraction
 I - 8 potions of curing
 M - 7 potions of ambrosia
 N - 2 potions of mutation {unknown}
 R - 2 potions of cancellation
 X - a potion of flight


   Skills:
 + Level 10.1 Fighting
 + Level 2.5 Armour
 - Level 1.5 Dodging
 - Level 2.1 Stealth
 * Level 13.2 Spellcasting
 + Level 10.2 Conjurations
 + Level 8.4 Summonings
 - Level 2.0 Necromancy
 - Level 0.7 Transmutations
 - Level 12.0 Earth Magic


You had 34 spell levels left.
You knew the following spells:

 Your Spells              Type           Power      Damage    Failure   Level
a - Sandblast             Erth           100%       2d20      1%          1
b - Stone Arrow           Conj/Erth      100%       3d13      1%          3

Your spell library contained the following spells:

 Spells                   Type           Power      Damage    Failure   Level
 Airstrike                Air            6%         2d(1-17)  13%         4
 Magic Dart               Conj           100%       1d8       1%          1
 Summon Small Mammal      Summ           100%       N/A       1%          1
 Call Imp                 Summ           47%        N/A       1%          2
 Passwall                 Tmut/Erth      31%        N/A       1%          2
 Mephitic Cloud           Conj/Pois/Air  26%        N/A       1%          3
 Necrotise                Necr           84%        1d8       2%          1
 Poisonous Vapours        Pois/Air       26%        N/A       2%          2
 Beastly Appendage        Tmut           32%        N/A       3%          1
 Petrify                  Tmut/Erth      38%        N/A       3%          4
 Apportation              Tloc           26%        N/A       4%          1
 Sting                    Tmut/Pois      56%        1d5       4%          1
 Wereblood                Tmut           16%        N/A       5%          2
 Freezing Cloud           Conj/Ice/Air   13%        6-21      10%         5
 Spider Form              Tmut/Pois      14%        N/A       13%         3
 Olgreb's Toxic Radiance  Pois           13%        N/A       13%         4
 Ozocubu's Armour         Ice            13%        N/A       16%         3
 Passage of Golubria      Tloc           13%        N/A       45%         4
 Lehudib's Crystal Spear  Conj/Erth      27%        10d7      63%         8
 Metabolic Englaciation   Hex/Ice        6%         N/A       80%         5
 Silence                  Hex/Air        6%         N/A       80%         5
 Simulacrum               Ice/Necr       8%         N/A       99%         6
 Polar Vortex             Ice            6%         N/A       100%        9


Dungeon Overview and Level Annotations

Branches:
Dungeon (11/15)            Temple (1/1) D:6            Lair (5/5) D:11
 Shoals (0/4) Lair:2        Snake (0/4) Lair:3          Orc (0/2) D:10
  Slime: Lair:4-5

Altars:
Ashenzari
Cheibriados
Dithmenos
Elyvilon
Fedhas
Gozag
Hepliaklqana
Kikubaaqudgha
Makhleb
Nemelex Xobeh
Okawaru
Qazlal
Ru
Sif Muna
Trog
Uskayaw
Vehumet
Wu Jian
Xom
Yredelemnul
Zin
The Shining One

Shops:
D:4 ?   D:5 [

Annotations:
D:6 2 transporters
D:7 1 runed translucent door, tilp's ghost, novice MeFi
Lair:3 1 runed translucent door, exclusion: 3 oklob plants, Pyga's ghost, journeyman DrCj


Innate Abilities, Weirdness & Mutations

You are immune to sickness and miasma.
Your stone body is resilient. (AC +9)
You are immune to poison.
You resist negative energy. (rN+)
You are resistant to electric shocks. (rElec)
You are resistant to unholy torment.
You are immune to petrification.


Message History

Aim: a yak (lightly wounded, 87% to hit)
The stone arrow misses the polar bear.
The stone arrow hits the yak!
The yak is heavily wounded.
The polar bear bites you but does no damage.
The polar bear misses you. The polar bear barely misses you.
Casting: Stone Arrow (safe; 1% risk of failure)
Confirm with . or Enter, or press ? or * to list all spells.
Aiming: Stone Arrow (safe; 1% risk of failure)
Press: ? - help, Shift-Dir - straight line, f/p - yak
Aim: a yak (heavily wounded, 87% to hit)
Okay, then.
Casting: Stone Arrow (safe; 1% risk of failure)
Confirm with . or Enter, or press ? or * to list all spells.
Aiming: Sandblast (safe; 1% risk of failure)
Press: ? - help, Shift-Dir - straight line, f/p - yak
Aim: a yak (heavily wounded, 91% to hit)
The blast of sand hits the polar bear!
You kill the polar bear!
Vehumet accepts your kill.
You feel your power returning. The yak misses you.
Casting: Sandblast (safe; 1% risk of failure)
Confirm with . or Enter, or press ? or * to list all spells.
Aiming: Sandblast (safe; 1% risk of failure)
Press: ? - help, Shift-Dir - straight line, f/p - yak
Aim: a yak (heavily wounded, 91% to hit)
The blast of sand hits the yak.
The yak is lightly wounded.
The yak misses you.
Casting: Sandblast (safe; 1% risk of failure)
Confirm with . or Enter, or press ? or * to list all spells.
Aiming: Sandblast (safe; 1% risk of failure)
Press: ? - help, Shift-Dir - straight line, f/p - yak
Aim: a yak (heavily wounded, 91% to hit)
The blast of sand misses the yak.
The blast of sand hits the yak!!
You kill the yak!
Vehumet accepts your kill.
You feel your power returning. The yak gores you!
* * * LOW HITPOINT WARNING * * *
The yak gores you!
You die...

.... # #.P####
##...###.#....P##
#.P....#.#)....P###
........†...P....#
.####.#..###...#....#
.....#....##..###..##
#.........Y#.#.#)...
.##....Y.Y.Y#..# ....#
..........†##@..# ..#...
....#.#+.##.#..P###.....
. #.....Y†##....#
##.....YY.##.###
#..##..#Y.#..P#
##.##...#..##<.#
#...........#.## #
..........###
.##.⌠$⌠Y#....


You could see an elephant (wandering) and 3 yaks.

Vanquished Creatures
  Gastronok (Lair:3)
  A hydra (Lair:5)
  A boulder beetle (D:11)
  A death yak (Lair:4)
  A two-headed ogre (D:9)
  2 skysharks
  3 skeletal warriors
  Lodul (D:10)
  A necromancer (D:10)
  A cyclops (D:11)
  An elephant (Lair:4)
  3 black mambas
  10 cane toads
  A torpor snail (Lair:4)
  An unseen horror (D:11)
  2 rime drakes
  6 komodo dragons
  A queen bee (D:9)
  2 polar bears
  Grinder (D:4)
  18 blink frogs
  7 dream sheep (Lair:2)
  2 shadows
  4 wyverns
  Eustachio (D:4)
  34 yaks
  Grum (D:10)
  2 steam dragons
  Edmund (D:4)
  4 nagas (Lair:3)
  3 water moccasins
  3 orc warriors
  A sky beast (D:8)
  6 black bears
  An ice beast (D:5)
  9 ogres
  29 wolves
  2 centaurs
  2 phantoms (D:5)
  2 kobold brigands (D:8)
  15 bullfrogs
  A necrophage (D:7)
  7 scorpions
  15 wights
  35 killer bees
  4 howler monkeys
  7 hounds
  2 jellies
  5 orc priests
  2 gnoll boudas
  Crazy Yiuf (D:6)
  Ijyb (D:4)
  4 iguanas
  7 gnolls
  9 adders
  5 ufetubi
  An adder skeleton (D:2)
  5 worms
  A dart slug (D:3)
  30 orcs
  13 ball pythons
  6 bats
  4 endoplasms
  A giant cockroach (D:3)
  4 goblins
  3 hobgoblins
  5 quokkas
  A ball python skeleton (D:2)
  3 frilled lizards
  22 kobolds
  6 rats
  A butterfly (D:6)
399 creatures vanquished.

Vanquished Creatures (others)
  29 fungi
  53 plants
  3 withered plants (Lair:5)
85 creatures vanquished.

Grand Total: 484 creatures vanquished

Notes
Turn   | Place    | Note
-------+----------+-------------------------------------------
     0 | D:1      | Crownlay the Gargoyle Earth Elementalist began the quest
                  | for the Orb.
     0 | D:1      | Reached XP level 1. HP: 10/10 MP: 3/3
   150 | D:1      | Reached XP level 2. HP: 15/15 MP: 1/5
   781 | D:1      | Reached XP level 3. HP: 19/19 MP: 5/7
   785 | D:1      | Learned a level 3 spell: Stone Arrow
  1034 | D:2      | Reached skill level 3 in Spellcasting
  1251 | D:2      | Reached XP level 4. HP: 24/24 MP: 5/9
  1579 | D:2      | Identified the +10 short sword "Rootyg" {elec, rElec rN+
                  | Will- Dex+9}
  1770 | D:3      | Reached skill level 4 in Spellcasting
  1770 | D:3      | Reached XP level 5. HP: 28/28 MP: 5/11
  2159 | D:3      | Reached skill level 5 in Earth Magic
  2415 | D:4      | Noticed Edmund
  2432 | D:4      | Killed Edmund
  2433 | D:4      | Reached skill level 1 in Conjurations
  2433 | D:4      | Reached skill level 1 in Summonings
  2433 | D:4      | Reached XP level 6. HP: 13/32 MP: 0/13
  2604 | D:4      | Noticed Grinder
  2611 | D:4      | Killed Grinder
  2612 | D:4      | Reached skill level 5 in Spellcasting
  2612 | D:4      | Reached skill level 1 in Necromancy
  2612 | D:4      | Reached XP level 7. HP: 11/36 MP: 10/14
  3057 | D:4      | Noticed Eustachio
  3064 | D:4      | Killed Eustachio
  3065 | D:4      | Reached XP level 8. HP: 24/41 MP: 11/16
  3130 | D:4      | Found Roud's Magic Scroll Shop.
  3135 | D:4      | Bought a scroll of fear for 48 gold pieces
  3135 | D:4      | Bought a scroll of immolation for 48 gold pieces
  3135 | D:4      | Bought a scroll of magic mapping for 90 gold pieces
  3135 | D:4      | Bought a scroll of fog for 48 gold pieces
  3225 | D:4      | Found a glowing silver altar of Zin.
  3250 | D:4      | Reached skill level 6 in Spellcasting
  3457 | D:4      | Found a snail-covered altar of Cheibriados.
  3460 | D:4      | Noticed Ijyb
  3472 | D:4      | Killed Ijyb
  3784 | D:5      | Entered Level 5 of the Dungeon
  4070 | D:5      | Found Veteigel's Antique Armour Boutique.
  4172 | D:5      | Found an iron altar of Okawaru.
  4187 | D:5      | Found a basalt altar of Yredelemnul.
  4192 | D:5      | Found a sacrificial altar of Ru.
  4470 | D:5      | Reached skill level 7 in Spellcasting
  4525 | D:5      | Reached XP level 9. HP: 45/45 MP: 11/19
  4735 | D:6      | Found a transporter.
  4763 | D:6      | Found a glowing golden altar of the Shining One.
  4796 | D:6      | Found a bloodstained altar of Trog.
  4939 | D:6      | Found a staircase to the Ecumenical Temple.
  4951 | D:6      | Reached skill level 5 in Conjurations
  4954 | Temple   | Entered the Ecumenical Temple
  5199 | Temple   | Became a worshipper of Vehumet
  5302 | D:6      | Found an ancient bone altar of Kikubaaqudgha.
  5408 | D:6      | Found a shimmering altar of Xom.
  5417 | D:6      | Reached skill level 8 in Spellcasting
  5651 | D:6      | HP: 1/45 [wight/+3 hand axe (9)]
  5781 | D:6      | Identified the ring "Xuzefe" {rElec rN++ Will+ Str-2 SInv}
  5869 | D:6      | Found a transporter.
  6055 | D:6      | Found a runed translucent door.
  6056 | D:6      | Noticed Crazy Yiuf
  6060 | D:6      | Killed Crazy Yiuf
  6069 | D:6      | Identified the +4 hammer of Elalipig {venom, Dex+3}
  6348 | D:7      | Found a broken altar of Ashenzari.
  6401 | D:7      | Reached XP level 10. HP: 50/50 MP: 18/22
  6500 | D:7      | Found a runed translucent door.
  6501 | D:7      | Noticed tilp's ghost (novice MeFi)
  6671 | D:7      | Reached * piety under Vehumet
  6671 | D:7      | Offered knowledge of Freeze by Vehumet.
  6958 | D:8      | Noticed a skeletal warrior
  6958 | D:8      | Noticed a skeletal warrior
  6967 | D:7      | Killed a skeletal warrior
  6968 | D:7      | Reached skill level 9 in Spellcasting
  7317 | D:8      | Reached skill level 5 in Summonings
  7472 | D:8      | Noticed a skeletal warrior
  7590 | D:8      | Killed a skeletal warrior
  7591 | D:8      | Reached skill level 1 in Fighting
  7860 | D:8      | Killed a skeletal warrior
  8427 | D:9      | Found a sparkling altar of Nemelex Xobeh.
  8428 | D:9      | Noticed a two-headed ogre
  8437 | D:9      | Killed a two-headed ogre
  8660 | D:9      | Reached XP level 11. HP: 53/60 MP: 20/24
  8662 | D:9      | Reached skill level 10 in Spellcasting
  8826 | D:9      | Reached ** piety under Vehumet
  8826 | D:9      | Offered knowledge of Momentum Strike by Vehumet.
  8833 | D:9      | Reached skill level 10 in Earth Magic
  9052 | D:9      | Reached skill level 5 in Fighting
  9392 | D:9      | Offered knowledge of Scorch by Vehumet.
  9413 | D:9      | Reached *** piety under Vehumet
  9642 | D:10     | Entered Level 10 of the Dungeon
  9643 | D:10     | Found a staircase to the Orcish Mines.
  9676 | D:10     | Noticed Grum
  9681 | D:10     | Killed Grum
  9684 | D:10     | Offered knowledge of Inner Flame by Vehumet.
 10104 | D:10     | Noticed Lodul
 10109 | D:10     | Killed Lodul
 10528 | D:10     | Found a hide-covered altar of Uskayaw.
 10594 | D:10     | Noticed a necromancer
 10599 | D:10     | Killed a necromancer
 10879 | D:11     | Reached skill level 11 in Spellcasting
 10897 | D:11     | Noticed a boulder beetle
 11054 | D:11     | Killed a boulder beetle
 11055 | D:11     | Reached XP level 12. HP: 59/71 MP: 7/27
 11446 | D:11     | Found a staircase to the Lair.
 11695 | Lair:1   | Entered Level 1 of the Lair of Beasts
 12135 | Lair:1   | You fall into a shaft and drop 1 floor!
 12141 | Lair:2   | Reached **** piety under Vehumet
 12154 | Lair:2   | Offered knowledge of Lightning Bolt by Vehumet.
 12705 | Lair:2   | Found a staircase to the Shoals.
 13786 | Lair:1   | Reached skill level 12 in Spellcasting
 14443 | Lair:3   | Reached XP level 13. HP: 78/80 MP: 29/29
 14687 | Lair:3   | Found a staircase to the Snake Pit.
 14845 | Lair:3   | Found a runed translucent door.
 14845 | Lair:3   | Noticed Pyga's ghost (journeyman DrCj)
 14859 | Lair:3   | Noticed Gastronok
 14872 | Lair:3   | Killed Gastronok
 15921 | Lair:3   | Identified a scroll of acquirement
 15922 | Lair:3   | Acquired 1073 gold pieces
 16385 | Lair:4   | Found a shimmering altar of Xom.
 16539 | Lair:4   | Reached skill level 10 in Fighting
 17417 | Lair:4   | Reached ***** piety under Vehumet
 17596 | Lair:5   | Entered Level 5 of the Lair of Beasts
 17751 | Lair:4   | Reached skill level 10 in Conjurations
 17889 | Lair:5   | Offered knowledge of Airstrike by Vehumet.
 17890 | Lair:5   | Reached skill level 13 in Spellcasting
 17978 | Lair:5   | Reached skill level 1 in Armour
 18039 | Lair:5   | Slain by a yak

Illustrated notes

Levels and vault maps discovered:
D:1:      wander_arrival_lonely_grave, layout_loops_ring
D:2:      layout_rooms, serial_undead, serial_undead_e, serial_undead_b,
          serial_undead_c, serial_undead_e, serial_undead_f
D:3:      layout_basic, kennysheep_crisscross, grunt_decor_one_mirror
D:4:      mumra_celtic_spiral_tile, layout_loops_ring,
          mainiacjoe_overflow_surrounded_room, mainiacjoe_overflow_alcove_2,
          serial_shops, shop, st_stairs_6, uniq_grinder, uniq_edmund, uniq_ijyb,
          uniq_eustachio
D:5:      minmay_bubble_buster, layout_basic,
          chequers_temple_overflow_statue_of_worship, serial_shops,
          nicolae_take_the_stairs
D:6:      gammafunk_steamed_eel, layout_basic, xom_butterflies,
          nicolae_kikubaaqudgha_miasma_corner, mainiacjoe_overflow_paths,
          trog_ov_bears_minmay, minmay_temple_entry_water_ring,
          uniq_crazy_yiuf_cottage
D:7:      layout_gridville, ashenzari_altar_1, ebering_ghost_reflecting_pool,
          hangedman_decor_points, minmay_quadrilaterals
D:8:      statuecave_lemuel, layout_cave_pools
D:9:      layout_roguey [special_room_bee], nicolae_overflow_crystal_walls
D:10:     layout_basic, eat_drink_and_be_merry_uskayaw, reono_crystal_passage,
          dreamdust_princess_bridge, minmay_librarian, uniq_grum, uniq_lodul
D:11:     layout_roguey, lair_entry_dummy
Temple:   dpeg_chambers_temple
Lair:1:   layout_cave_pods, special_room, serial_bayou_shore_a,
          grunt_megastairs_1
Lair:2:   layout_regular_city, elwin_shoals_entry_rocks, grunt_megastairs_5,
          lemuel_fruit_tree
Lair:3:   minmay_lair_oklob_chamber, layout_loops_ring,
          minmay_snake_entry_guardpost_small, hellmonk_ghost_happy_afterlife,
          chequers_serial_rivers_large_b, ldierk_geyser, uniq_gastronok
Lair:4:   layout_gridlike, basic_altar, grunt_megastairs_4,
          infiniplex_staircase_pool_2
Lair:5:   due_jungle_book, layout_loops_ring, slime_entry_1,
          bobbens_ice_dragon_lair, infiniplex_staircase_pool, grunt_megastairs_2

Skill      XL: |  1  2  3  4  5  6  7  8  9 10 11 12 13 |
---------------+----------------------------------------+-----
Earth Magic    | 4 5 6 7 8 9 10 11 12 | 12.0
Spellcasting   | 3 4 5 7 8 9 11 12 13 | 13.2
Conjurations   | 1 2 4 6 7 9 10 | 10.2
Summonings     | 1 2 4 5 6 7 8 |  8.4
Necromancy     | 1 2 |  2.0
Fighting       | 3 6 9 10 | 10.1
Armour         | 2 |  2.5
Dodging        | |  1.5
Stealth        | |  2.1
Transmutations | |  0.7

Action                     |  1- 3 |  4- 6 |  7- 9 | 10-12 | 13-15 || total
---------------------------+-------+-------+-------+-------+-------++-------
  Melee: Unarmed           |     2 |       |       |       |       ||     2
         Short sword       |       |     6 |     7 |       |     7 ||    20
   Cast: Sandblast         |    44 |    61 |   181 |   380 |   172 ||   838
         Stone Arrow       |       |     2 |       |    62 |    59 ||   123
  Evoke: Wand              |       |       |       |     9 |     7 ||    16
    Use: Scroll            |       |     4 |     4 |    14 |     4 ||    26
         Potion            |       |       |     1 |     2 |     1 ||     4
 Armour: Robe              |     7 |     5 |    24 |       |       ||    36
         Steam dragon scal |       |       |     3 |    95 |    74 ||   172
  Dodge: Dodged            |    15 |    17 |    89 |   331 |   167 ||   619
  Block: Other             |       |       |       |    70 |    51 ||   121
         Reflection        |       |       |       |     2 |       ||     2

Table legend: (Time is in decaauts)
 A = Elapsed time spent in this place.
 B = Non-inter-level travel time spent in this place.
 C = Inter-level travel time spent in this place.
 D = Time resting spent in this place.
 E = Time spent auto-exploring this place.
 F = Levels seen in this place.
 G = Mean time per level.
                   A        B        C        D        E       F      G
               +--------+--------+--------+--------+--------+-----+--------+
         Total |  18577 |  17755 |    822 |    415 |  14281 |  17 | 1092.8 |
       Dungeon |  11699 |  11218 |    481 |     83 |   9489 |  11 | 1063.5 |
        Temple |    258 |    245 |     13 |      0 |    234 |   1 |  258.0 |
          Lair |   6619 |   6292 |    327 |    332 |   4558 |   5 | 1323.8 |
               +--------+--------+--------+--------+--------+-----+--------+

Top non-repeatable levels by time:
  Lair:3: 2055 daAuts
  Lair:4: 1609 daAuts
     D:4: 1593 daAuts
  Lair:1: 1520 daAuts
     D:7: 1352 daAuts
     D:9: 1324 daAuts
  Lair:2: 1245 daAuts
    D:10: 1240 daAuts
     D:6: 1217 daAuts
     D:1: 1041 daAuts
     D:5: 949 daAuts
     D:8: 917 daAuts
    D:11: 843 daAuts
     D:3: 627 daAuts
     D:2: 592 daAuts
